 Dungeon Crawl Stone Soup version 0.15.0-12-gccce430 (webtiles) character file.

234696 Kold the Unseen (level 20, -36/136 HPs)
             Began as a Vine Stalker Berserker on Aug 31, 2014.
             Was a High Priest of Trog.
             Killed from afar by Mara (illusionary) (39 damage)
             ... with a bolt of fire
             ... on Level 5 of the Swamp.
             The game lasted 03:38:24 (34714 turns).

Kold the Unseen (Vine Stalker Berserker)           Turns: 34714, Time: 03:38:25

HP -36/136       AC 16     Str 24      XL: 20   Next:  0%
MP   0/29        EV 27     Int 12      God: Trog [*****.]
Gold 4636        SH 14     Dex 27      Spells:  0 memorised, 19 levels left

rFire  . . .     SeeInvis +     J - +8 quick blade (venom)
rCold  + . .     Clarity  .     Z - +3 ring mail {rC+}
rNeg   + . .     rCorr    .     T - +0 shield of Honesty {Dex+2 Int+2}
rPois  +         rRot     +     (helmet restricted)
rElec  .         Spirit   +     K - +2 cloak {rPois}
SustAb .         Warding  +     O - +0 pair of gloves of Card Tricks {Int+3 SInv}
rMut   .         Stasis   .     Q - +2 pair of boots of the Assassin {Stlth++}
Gourm  .                        v - amulet of warding
MR     ++++.                    o - ring "Pluarox" {+cTele Str+3 Dex+3}
                                L - +5 ring of evasion

@: lethally poisoned, exhausted, slowed, very slow, incredibly resistant to
hostile enchantments, quite stealthy
A: fangs 3, horns 1, deformed body, low mp 1, magic resistance 2, regeneration
3, robust 2, screaming 1, wild magic 1, magic shield, antimagic bite, no device
heal 3, rot immunity
a: Burn Spellbooks, Berserk, Trog's Hand, Brothers in Arms, Renounce Religion,
Evoke Teleport Control


You were on level 5 of the Swamp.
You worshipped Trog.
Trog was extremely pleased with you.
You were hungry.

You visited 7 branches of the dungeon, and saw 39 of its levels.
You also visited: Sewer and Ice Cave.

You collected 5700 gold pieces.
You spent 1064 gold pieces at shops.

Inventory:

Hand weapons
 c - a +5 antimagic quick blade
 F - the +5 dagger "Selecvu" {elec, rF++}
   (You bought it in a shop on level 4 of the Orcish Mines)

   Occasionally, upon striking a foe, it will discharge some electrical energy
   and cause terrible harm.
   It greatly protects you from fire.
 J - a +8 quick blade of venom (weapon)
Armour
 f - the +2 leather armour of Reason {rC++ Str+2 Int+2}
   (You found it on level 1 of the Swamp)

   It affects your strength (+2).
   It affects your intelligence (+2).
   It greatly protects you from cold.
 K - a +2 cloak of poison resistance (worn)
 O - the +0 pair of gloves of Card Tricks (worn) {Int+3 SInv}
   (You found it in an ice cave)

   It affects your intelligence (+3).
   It enhances your eyesight.
 Q - the +2 pair of boots of the Assassin (worn) {Stlth++}
   (You found it in an ice cave)

   It makes you much more stealthy.
 T - the +0 shield of Honesty (worn) {Dex+2 Int+2}
   (You took it off Wiglaf on level 3 of the Spider Nest)

   It affects your intelligence (+2).
   It affects your dexterity (+2).
 Z - a +3 ring mail of cold resistance (worn)
Magical devices
 g - a wand of lightning (3)
 j - a wand of teleportation (4)
 q - a wand of slowing (13)
 s - a wand of disintegration (13)
 t - a wand of frost (13)
 y - a wand of invisibility (3)
 M - a wand of fireball (5)
 P - a wand of fireball (5)
 R - a wand of cold (8)
 W - a wand of digging (15)
Comestibles
 r - 3 slices of pizza
 x - 3 meat rations
 V - 5 fruits
 Y - 12 bread rations
Scrolls
 e - 3 scrolls of fear
 i - a scroll of acquirement {unknown}
 k - 19 scrolls of remove curse
 l - 23 scrolls of identify
 n - a scroll of recharging
 u - 4 scrolls of blinking
 w - 3 scrolls of magic mapping
 B - a scroll of holy word
 E - 13 scrolls of teleportation
 N - a scroll of enchant weapon
 X - a scroll of vulnerability
Jewellery
 d - a cursed ring of loudness {unknown}
 o - the ring "Pluarox" (right hand) {+cTele Str+3 Dex+3}
   (You took it off a deep elf annihilator on level 3 of the Elven Halls)

   [ring of teleport control]

   It can be evoked for teleport control.
   It affects your strength (+3).
   It affects your dexterity (+3).
 v - an amulet of warding (around neck)
 A - an uncursed ring of regeneration
 D - an uncursed amulet of rage {unknown}
 I - an uncursed ring of flight
 L - a +5 ring of evasion (left hand)
Potions
 a - 6 potions of curing
 b - a potion of cancellation
 h - 3 potions of haste
 m - 5 potions of flight
 p - 5 potions of magic
 z - 3 potions of restore abilities
 G - 2 potions of invisibility
 H - 4 potions of might
Miscellaneous
 C - a fan of gales
 S - a stone of tremors


   Skills:
 - Level 15.4 Fighting
 - Level 14.0 Short Blades
 - Level 10.5 Armour
 - Level 10.9 Dodging
 - Level 19.5 Stealth
 + Level 10.8 Shields
 - Level 9.8 Evocations


You had 19 spell levels left.
You didn't know any spells.

Dungeon Overview and Level Annotations

Branches:
Dungeon (15/15)            Temple (1/1) D:6             Orc (4/4) D:9
    Elf (3/3) Orc:4          Lair (8/8) D:10          Swamp (5/5) Lair:4
 Spider (3/5) Lair:5        Slime (0/6) Lair:7       Vaults (0/5) D:14
 Depths (0/5) D:15

Altars:
Cheibriados
Fedhas
Sif Muna
Vehumet
Xom
Beogh

Shops:
D:8 *   D:12 *   D:13 [   Orc:2 (   Orc:4 :*(:%   Elf:2 [

Annotations:
Swamp:5 Mara


Innate Abilities, Weirdness & Mutations

You have razor-sharp teeth.
You regenerate.
When hurt, damage is shared between your health and your magic reserves.
Your bite disrupts and absorbs the magic of your enemies.
Potions and wands cannot restore your health.
You are immune to rotting.
You have a pair of small horns on your head.
Armour fits poorly on your strangely shaped body.
Your magical capacity is low (-10% MP).
You are highly resistant to hostile enchantments.
You are very robust (+20% HP).
You occasionally shout uncontrollably at your foes.
Your spells are a little harder to cast, but a little more powerful.


Message History

Kold's illusion is almost dead.
You feel sick.
You slash Kold's illusion! Your bite misses Kold's illusion.
Kold's illusion is almost dead.
You miss Kold's illusion. You headbutt Kold's illusion.
You kill Kold's illusion!
Really walk into that cloud of flame?
Okay, then.
You feel sick.
You feel a strong urge to attack something.
You are no longer berserk.
You are exhausted.
You feel yourself slow down.
You are feeling hungry.
You enter the shallow water.
Moving in this stuff is going to be slow.
You feel sick. Mara gestures at you. The bolt of fire hits you!
You die...

♣♣♣♣.≈≈...≈♣♣
♣♣≈..≈≈≈≈≈≈.§♣♣
♣♣♣♣§≈.≈≈≈≈≈≈≈≈.≈♣
≈≈.≈♣.{.≈≈≈≈≈≈≈≈≈.♣
§≈≈≈.....≈≈≈..§≈≈♣
≈≈≈§≈..≈≈≈≈≈≈.♣
≈≈§≈♣♣≈≈..≈≈≈.♣
≈≈≈≈≈.≈≈.♣R§§.♣
≈≈≈≈≈≈≈≈≈.♣§♣♣@♣
♣♣♣♣♣
.≈≈≈≈≈≈≈.♣♣♣<..♣♣♣
♣≈.≈♣♣
≈.≈≈≈≈≈≈≈.♣♣§§..≈♣
♣≈≈≈≈♣♣
.≈≈≈≈≈≈≈....≈!..♣
♣≈≈≈..♣♣
≈≈....≈♣♣♣≈≈≈..♣♣
♣♣♣♣≈≈.♣ ≈≈.≈..♣
♣..≈≈≈♣ ♣.≈≈.♣
≈≈.≈. ♣.≈≈≈≈♣♣
♣♣♣≈≈≈≈♣ .≈≈P
♣♣♣♣≈..♣♣♣..≈≈≈.♣
≈≈≈ ♣.§≈.♣≈≈≈...≈♣


There were no monsters in sight!

Vanquished Creatures
  Mara (Swamp:5)
  Nikola (Spider:3)
  Asterion (Swamp:5)
  A player illusion (Swamp:5)
  2 deep elf blademasters
  A deep elf master archer (Elf:3)
  Rupert (Spider:1)
  Agnes (Elf:2)
  Donald (Spider:3)
  Wiglaf (Spider:3)
  Maud (Lair:5)
  8 deep elf sorcerers
  Gastronok (Lair:2)
  Jorgrun (Swamp:4)
  3 deep elf demonologists (Elf:3)
  11 deep elf annihilators
  The ghost of coier the Warrior, a powerful GrFi of Okawaru (D:15)
  4 deep elf death magi (Elf:3)
  Snorg (Orc:1)
  An ettin (D:15)
  A vault guard (D:14)
  2 blizzard demons (IceCv)
  5 deep elf high priests (Elf:3)
  14 hydras
  6 centaur warriors
  An ogre mage (D:15)
  Erica (Lair:6)
  2 shambling mangroves (Swamp:4)
  5 alligators
  The ghost of letownia the Fetichist, a powerful KoAr of Makhleb (D:10)
  4 tengu warriors
  9 death yaks
  6 orc high priests (Orc:4)
  Urug (D:15)
  Nergalle (Orc:2)
  A catoblepas (Lair:8)
  12 deep elf knights
  4 ice devils (IceCv)
  2 swamp dragons
  7 hill giants
  2 unseen horrors
  6 orb spiders
  A swamp dragon (shapeshifter) (Elf:1)
  4 deep elf summoners
  An ice statue (IceCv)
  A deep troll (Orc:4)
  A necromancer (Lair:5)
  2 griffons
  5 manticores
  2 red wasps
  5 ugly things (Swamp:4)
  10 deep elf conjurers
  2 cyclopes
  18 wolf spiders
  9 elephants
  An octopode (shapeshifter) (D:13)
  A sixfirhy (Elf:3)
  An orange demon (D:13)
  Maurice (Orc:1)
  A gargoyle (D:12)
  4 torpor snails (Lair:3)
  7 black mambas
  2 feature mimics
  Psyche (D:8)
  18 spiny frogs
  2 golden dragon simulacra (IceCv)
  2 kobold demonologists
  9 demonic crawlers
  8 komodo dragons
  8 fire drakes
  3 anaconda simulacra (IceCv)
  An efreet (D:14)
  7 deep elf priests
  12 giant leeches
  17 jumping spiders
  10 trolls
  A raiju (shapeshifter) (Elf:1)
  Prince Ribbit (D:4)
  4 two-headed ogres
  8 slime creatures
  2 wolf spider simulacra (IceCv)
  A raven (shapeshifter) (Elf:1)
  7 bog bodies
  4 shadows
  11 tarantellas
  5 ravens
  9 blink frogs
  18 redbacks
  A vampire (D:13)
  11 trapdoor spiders
  A hog (shapeshifter) (Elf:1)
  5 spriggans
  16 deep elf magi
  3 dire elephant simulacra (IceCv)
  45 yaks
  Eustachio (Orc:2)
  13 basilisks
  21 deep elf fighters
  3 hungry ghosts
  7 wyverns
  8 hippogriffs
  10 vampire mosquitoes
  A death yak simulacrum (IceCv)
  5 wargs
  A mottled dragon (D:14)
  A hill giant skeleton (D:12)
  11 porcupines
  26 swamp worms
  Edmund (D:7)
  23 water moccasins
  2 tengu zombies
  15 wolves
  An iron troll simulacrum (IceCv)
  A harpy simulacrum (IceCv)
  2 soldier ants (D:9)
  10 ogres
  3 hell hounds (Lair:7)
  A black bear (Lair:2)
  10 swamp drakes
  5 hydra simulacra (IceCv)
  6 yellow wasps
  2 alligator simulacra (IceCv)
  An ice beast (shapeshifter) (D:15)
  23 spiders
  14 orc warriors
  2 phantoms
  9 centaurs
  3 sky beasts
  2 boring beetles
  A necrophage (D:14)
  3 ice beasts
  A manticore skeleton (D:15)
  Sigmund (D:2)
  Duvessa (Orc:1)
  A komodo dragon zombie (Lair:5)
  11 crocodiles
  12 big kobolds
  A yaktaur zombie (D:15)
  A brain worm (D:9)
  16 giant frogs
  2 gnoll sergeants (D:9)
  4 cyclops skeletons
  24 insubstantial wisps
  2 eyes of draining
  7 scorpions
  14 killer bees
  An elephant simulacrum (IceCv)
  A troll skeleton (D:8)
  12 wights
  A yak skeleton (D:7)
  7 electric eels
  Dowan (Orc:1)
  A quasit (Orc:2)
  A goliath beetle (D:6)
  3 crimson imps
  51 orc priests
  A giant frog skeleton (D:5)
  A centaur skeleton (D:8)
  5 draconian simulacra (IceCv)
  3 two-headed ogre zombies
  14 hounds
  4 jellies
  39 orc wizards
  9 worker ants
  5 iguanas
  2 troll simulacra (IceCv)
  A spriggan simulacrum (IceCv)
  6 sheep (Lair:7)
  2 polar bear simulacra (IceCv)
  Ijyb (D:3)
  Jessica (D:3)
  A mottled dragon skeleton (D:14)
  An ogre skeleton (D:4)
  4 centaur simulacra (IceCv)
  Terence (D:2)
  30 adders
  7 gnolls
  56 green rats
  A scorpion zombie (D:6)
  An ogre simulacrum (IceCv)
  An orc skeleton (D:9)
  4 shadow imps
  6 white imps (IceCv)
  8 worms
  2 giant mites (D:3)
  3 naga simulacra (IceCv)
  3 ufetubi (IceCv)
  3 giant eyeballs (Elf:1)
  3 giant geckos
  207 orcs
  3 ball pythons
  A bat skeleton (D:4)
  4 giant cockroaches
  13 hobgoblins
  17 jackals
  46 kobolds
  6 oozes
  19 bats
  6 giant newts
  2 giant spores
  A gnoll skeleton (D:4)
  25 goblins
  A kobold skeleton (D:3)
  An orc zombie (D:9)
  15 quokkas
  23 rats
  A rat zombie (D:6)
  9 ballistomycetes
  3 fungi
  A plant (D:14)
1524 creatures vanquished.

Vanquished Creatures (collateral kills)
  A deep elf sorcerer (Elf:3)
  A deep elf annihilator (Elf:3)
  4 deep elf high priests (Elf:3)
  3 hydras
  4 death yaks
  A deep elf conjurer (Elf:3)
  A manticore (Lair:8)
  A spiny frog (Lair:8)
  2 trolls (Orc:4)
  A deep elf priest (Elf:3)
  A two-headed ogre (Orc:4)
  3 blink frogs (Lair:7)
  A deep elf mage (Elf:3)
  2 trapdoor spiders (Lair:5)
  A hippogriff (Lair:2)
  7 yaks
  2 deep elf fighters (Elf:3)
  A swamp worm (Swamp:2)
  2 wolves (Lair:7)
  An orc warrior (Orc:4)
  A water moccasin (Lair:7)
  A porcupine (Lair:5)
  A crocodile (Lair:2)
  An ogre (Orc:4)
  4 green rats (Lair:2)
  2 oozes (Lair:7)
  A plant (Lair:7)
51 creatures vanquished.

Vanquished Creatures (others)
  A stone giant (Elf:3)
  3 death yaks (Lair:7)
  A deep troll (Orc:4)
  A hill giant (Elf:3)
  A small abomination (Elf:3)
  2 ogres
  A lost soul (Elf:3)
  A wight (D:9)
  2 white imps (IceCv)
  3 ufetubi (IceCv)
  An orc (D:9)
  A kobold (D:9)
  2 giant spores
  A butterfly (Lair:7)
  7 fungi
  2 plants (Lair:7)
30 creatures vanquished.

Grand Total: 1605 creatures vanquished

Notes
Turn   | Place    | Note
--------------------------------------------------------------
     0 | D:1      | Kold, the Vine Stalker Berserker, began the quest for the Orb.
     0 | D:1      | Reached XP level 1. HP: 11/11 MP: 1/1
   198 | D:1      | Reached skill level 1 in Stealth
   250 | D:1      | Reached skill level 3 in Short Blades
   250 | D:1      | Reached XP level 2. HP: 10/16 MP: 3/3
   459 | D:1      | Acquired Trog's second power
   562 | D:1      | Reached XP level 3. HP: 19/19 MP: 4/4
  1000 | D:2      | Noticed Sigmund
  1009 | D:2      | Killed Sigmund
  1009 | D:2      | Reached skill level 4 in Short Blades
  1009 | D:2      | Reached XP level 4. HP: 23/23 MP: 5/5
  1048 | D:2      | Reached XP level 5. HP: 25/27 MP: 7/7
  1312 | D:2      | Noticed Terence
  1317 | D:2      | Killed Terence
  1666 | D:3      | Noticed Jessica
  1675 | D:3      | Killed Jessica
  1760 | D:3      | Reached skill level 5 in Short Blades
  1771 | D:3      | Gained mutation: You heal very quickly. [vine stalker growth]
  1771 | D:3      | Reached XP level 6. HP: 12/32 MP: 8/8
  2078 | D:3      | Found a glowing drain.
  2078 | D:3      | Noticed Ijyb
  2087 | D:3      | Killed Ijyb
  2175 | Sewer    | Entered a sewer
  2319 | Sewer    | Reached skill level 6 in Short Blades
  2430 | Sewer    | Reached XP level 7. HP: 33/35 MP: 9/9
  2799 | Sewer    | Reached skill level 7 in Short Blades
  3214 | D:3      | Acquired Trog's third power
  3647 | D:4      | Noticed Prince Ribbit
  3661 | D:4      | Killed Prince Ribbit
  3661 | D:4      | Reached skill level 8 in Short Blades
  3661 | D:4      | Gained mutation: You have razor-sharp teeth. [vine stalker growth]
  3661 | D:4      | Reached XP level 8. HP: 11/39 MP: 4/11
  4027 | D:4      | Reached skill level 9 in Short Blades
  4349 | D:5      | Entered Level 5 of the Dungeon
  4776 | D:5      | Reached skill level 10 in Short Blades
  4853 | D:5      | Reached XP level 9. HP: 43/43 MP: 12/12
  4948 | D:6      | Found a staircase to the Ecumenical Temple.
  4953 | Temple   | Entered the Ecumenical Temple
  5682 | D:7      | Noticed Edmund
  5697 | D:7      | Killed Edmund
  5713 | D:7      | Got a wavering copper ring
  5773 | D:7      | Identified the ring "Skopar" {EV+2 Stlth-} (You found it on level 7 of the Dungeon)
  5966 | D:7      | Found a blossoming altar of Fedhas.
  6360 | D:8      | Found Vemuqiodu's General Store.
  6532 | D:8      | Received a gift from Trog
  6882 | D:8      | Noticed Psyche
  6894 | D:8      | Killed Psyche
  6894 | D:8      | Reached XP level 10. HP: 30/49 MP: 8/13
  7154 | D:8      | Reached skill level 5 in Armour
  7162 | D:8      | Reached skill level 5 in Dodging
  7807 | D:9      | Found a staircase to the Orcish Mines.
  8051 | D:9      | Received a gift from Trog
  8214 | D:10     | Entered Level 10 of the Dungeon
  8296 | D:10     | Noticed letownia's ghost (powerful KoAr)
  8312 | D:10     | Killed letownia's ghost
  8312 | D:10     | Reached XP level 11. HP: 45/53 MP: 12/18
  8493 | D:10     | Found a staircase to the Lair.
  8636 | D:10     | Noticed an unseen horror
  8645 | D:10     | Killed an unseen horror
  8713 | D:10     | Gained mutation: You regenerate. [vine stalker growth]
  8713 | D:10     | Reached XP level 12. HP: 58/63 MP: 20/24
  8897 | Lair:1   | Entered Level 1 of the Lair of Beasts
  9345 | Lair:1   | Received a gift from Trog
  9346 | Lair:1   | Got a bone short sword {god gift}
  9347 | Lair:1   | Identified the +0 short sword of the Puffin {elec, rC+} (Trog gifted it to you on level 1 of the Lair of Beasts)
  9711 | Lair:1   | Reached skill level 5 in Stealth
  9994 | Lair:2   | Noticed a death yak
  9997 | Lair:2   | Noticed a death yak
  9997 | Lair:2   | Noticed a death yak
  9997 | Lair:2   | Noticed a death yak
 10001 | Lair:2   | Noticed a death yak
 10003 | Lair:2   | Noticed a death yak
 10015 | Lair:2   | Killed a death yak
 10019 | Lair:2   | Killed a death yak
 10022 | Lair:2   | Killed a death yak
 10024 | Lair:2   | Killed a death yak
 10026 | Lair:2   | Killed a death yak
 10033 | Lair:2   | Killed a death yak
 10083 | Lair:2   | Reached skill level 10 in Stealth
 10120 | Lair:2   | Reached XP level 13. HP: 65/69 MP: 26/26
 10159 | Lair:2   | Reached skill level 1 in Shields
 10216 | Lair:2   | Noticed Gastronok
 10227 | Lair:2   | Killed Gastronok
 10227 | Lair:2   | Received a gift from Trog
 11300 | Lair:3   | Reached skill level 5 in Shields
 11309 | Lair:3   | Found a snail-covered altar of Cheibriados.
 11658 | Lair:4   | Reached skill level 10 in Fighting
 11881 | Lair:4   | Reached skill level 11 in Fighting
 11901 | Lair:4   | Found a hole to the Spider Nest.
 11906 | Lair:4   | the hole to the Spider Nest was a mimic.
 12039 | Lair:4   | Found a staircase to the Swamp.
 12586 | Lair:5   | Found a hole to the Spider Nest.
 12638 | Lair:5   | Noticed Maud
 12659 | Lair:5   | Killed Maud
 12687 | Lair:5   | Reached skill level 12 in Fighting
 12687 | Lair:5   | Reached XP level 14. HP: 78/80 MP: 27/27
 13406 | Lair:6   | Received a gift from Trog
 13547 | Lair:6   | Noticed Erica
 13566 | Lair:6   | Killed Erica
 13805 | Lair:6   | Reached skill level 13 in Fighting
 14327 | Lair:7   | Found a staircase to the Slime Pits.
 14786 | Lair:7   | Reached skill level 14 in Fighting
 14878 | Lair:7   | Received a gift from Trog
 15176 | Lair:8   | Entered Level 8 of the Lair of Beasts
 15417 | Lair:8   | Received a gift from Trog
 15553 | Lair:8   | Reached skill level 15 in Fighting
 15575 | Lair:8   | Reached XP level 15. HP: 77/90 MP: 28/28
 16520 | Orc:1    | Entered Level 1 of the Orcish Mines
 16520 | Orc:1    | Noticed Maurice
 16536 | Orc:1    | Killed Maurice
 16639 | Orc:1    | Received a gift from Trog
 16670 | Orc:2    | Noticed Nergalle
 16707 | Orc:2    | Received a gift from Trog
 16714 | Orc:2    | Killed Nergalle
 16724 | Orc:2    | Received a gift from Trog
 16877 | Orc:2    | Noticed Eustachio
 16906 | Orc:2    | Killed Eustachio
 16954 | Orc:2    | Found Smaij's Antique Weapon Shoppe.
 17269 | Orc:1    | Found a roughly hewn altar of Beogh.
 17272 | Orc:1    | Noticed Duvessa
 17286 | Orc:1    | Noticed Dowan
 17290 | Orc:1    | Killed Duvessa
 17293 | Orc:1    | Killed Dowan
 17522 | Orc:1    | Noticed Snorg
 17546 | Orc:1    | Killed Snorg
 18148 | Orc:3    | Received a gift from Trog
 18538 | Orc:4    | Entered Level 4 of the Orcish Mines
 18684 | Orc:4    | Found a shimmering altar of Xom.
 18894 | Orc:4    | Found Bemuga's Food Shoppe.
 18894 | Orc:4    | Found Ashudgh's Book Shop.
 18921 | Orc:4    | Received a gift from Trog
 19119 | Orc:4    | Found Oxaxa's General Store.
 19119 | Orc:4    | Found Patuj's Book Shop.
 19189 | Orc:4    | Found a roughly hewn altar of Beogh.
 19289 | Orc:4    | Found a staircase to the Elven Halls.
 19345 | Orc:3    | Received a gift from Trog
 19488 | Orc:4    | Found Hoox's Antique Weapon Shoppe.
 19507 | Orc:4    | Bought a bloodstained dagger for 238 gold pieces
 19508 | Orc:4    | Identified the +5 dagger "Selecvu" {elec, rF++} (You bought it in a shop on level 4 of the Orcish Mines)
 19690 | Orc:4    | Found a roughly hewn altar of Beogh.
 20046 | Elf:1    | Entered Level 1 of the Elven Halls
 20490 | Elf:1    | Gained mutation: You are robust (+10% HP). [potion of mutation]
 20490 | Elf:1    | Gained mutation: Your spells are a little harder to cast, but a little more powerful. [potion of mutation]
 20490 | Elf:1    | Gained mutation: Armour fits poorly on your strangely shaped body. [potion of mutation]
 20663 | Elf:1    | Reached XP level 16. HP: 104/104 MP: 29/29
 20946 | Elf:1    | Paralysed by a giant eyeball for 4 turns
 21023 | Elf:1    | Received a gift from Trog
 21199 | Elf:2    | Noticed Agnes
 21216 | Elf:2    | Killed Agnes
 21371 | Elf:2    | Found a deep blue altar of Sif Muna.
 21426 | Elf:2    | Found Huemigal's Armour Shoppe.
 21436 | Elf:2    | Bought a +2 shield of protection for 236 gold pieces
 21742 | Elf:3    | Entered Level 3 of the Elven Halls
 21833 | Elf:3    | Noticed an Executioner
 21839 | Elf:3    | Noticed an Executioner
 21946 | Elf:3    | Noticed an Ice Fiend
 21970 | Elf:3    | Noticed a deep elf blademaster
 22023 | Elf:2    | Killed a deep elf blademaster
 22108 | Elf:3    | Received a gift from Trog
 22249 | Elf:3    | Noticed a Hell Sentinel
 22471 | Elf:3    | Noticed a deep elf master archer
 22501 | Elf:3    | Killed a deep elf master archer
 22575 | Elf:3    | Got a crude chain mail
 22576 | Elf:3    | Identified the cursed -4 chain mail of Weightlessness {Int+2 Slay+6} (You took it off a deep elf high priest on level 3 of the Elven Halls)
 22587 | Elf:3    | Noticed a deep elf blademaster
 22650 | Elf:3    | Reached skill level 10 in Armour
 22650 | Elf:3    | Reached XP level 17. HP: 108/108 MP: 29/29
 22748 | Elf:3    | Killed a deep elf blademaster
 22748 | Elf:3    | Reached skill level 10 in Dodging
 23107 | Elf:3    | Got a pair of faintly glowing boots
 23146 | Elf:3    | Identified the cursed +0 pair of boots of the Present {Dex-2 Int+4} (You found it on level 3 of the Elven Halls)
 23203 | Elf:3    | Got a shimmering wooden ring
 23205 | Elf:3    | Identified the ring of Qazlal's Hatred {+Blink +Fly rF- Int+2 Slay-2 SInv} (You found it on level 3 of the Elven Halls)
 23283 | Elf:3    | Got a heavily runed iron ring
 23559 | D:6      | Identified the ring "Pluarox" {+cTele Str+3 Dex+3} (You took it off a deep elf annihilator on level 3 of the Elven Halls)
 23967 | D:11     | Reached XP level 18. HP: 114/114 MP: 29/31
 24041 | D:11     | Got an ancient chain mail
 24052 | D:11     | Identified the cursed -4 chain mail of Sloth {rC+} (You found it on level 11 of the Dungeon)
 24442 | D:12     | Found Ajak's Assorted Antiques.
 24534 | D:12     | Gained mutation: You are weak. (Str -2) [mutagenic meat]
 24675 | D:12     | Received a gift from Trog
 24743 | D:12     | Bought a scroll of brand weapon for 500 gold pieces
 25766 | D:13     | Found Haegeal's Antique Armour Shop.
 25772 | D:13     | Bought a pair of glowing boots for 90 gold pieces
 26769 | D:14     | Reached skill level 15 in Stealth
 26842 | D:14     | Found a gate to the Vaults.
 27029 | D:15     | Entered Level 15 of the Dungeon
 27038 | D:15     | Noticed coier's ghost (powerful GrFi)
 27102 | D:15     | Killed coier's ghost
 27102 | D:15     | Reached skill level 16 in Stealth
 27140 | D:15     | Found a snail-covered altar of Cheibriados.
 27147 | D:15     | Noticed Urug
 27155 | D:15     | Killed Urug
 27265 | D:15     | Received a gift from Trog
 27304 | D:15     | Found a staircase to the Depths.
 27316 | D:15     | Reached skill level 17 in Stealth
 28172 | Spider:1 | Entered Level 1 of the Spider Nest
 28287 | Spider:1 | Reached skill level 18 in Stealth
 28735 | Spider:1 | Received a gift from Trog
 28735 | Spider:1 | Reached skill level 19 in Stealth
 28848 | Spider:1 | Noticed Rupert
 28853 | Spider:1 | Killed Rupert
 28876 | Spider:1 | Reached XP level 19. HP: 116/118 MP: 32/32
 29188 | Spider:2 | Found a frozen archway.
 29196 | IceCv    | Entered an ice cave
 29690 | IceCv    | Got a brightly glowing platinum ring
 29692 | IceCv    | Got a pair of ancient gloves
 29727 | IceCv    | Identified the +0 pair of gloves of Card Tricks {Int+3 SInv} (You found it in an ice cave)
 29741 | IceCv    | Identified the ring of Fimalag {Dex-1 Int+4 SInv} (You found it in an ice cave)
 29902 | Spider:2 | Received a gift from Trog
 30236 | Spider:3 | Noticed Wiglaf
 30263 | Spider:3 | Killed Wiglaf
 30265 | Spider:3 | Got a shimmering shield
 30276 | Spider:3 | Identified the +0 shield of Honesty {Dex+2 Int+2} (You took it off Wiglaf on level 3 of the Spider Nest)
 30458 | Spider:3 | Gained mutation: You have a pair of small horns on your head. [potion of mutation]
 30458 | Spider:3 | Gained mutation: You are resistant to hostile enchantments. [potion of mutation]
 30458 | Spider:3 | Lost mutation: You are weak. (Str -2) [potion of mutation]
 30542 | Spider:3 | Noticed Nikola
 30547 | Spider:3 | Killed Nikola
 30587 | Spider:3 | Noticed Donald
 30595 | Spider:3 | Killed Donald
 30908 | Lair:1   | Upgraded the game from 0.15.0-11-g6f4f891 to 0.15.0-12-gccce430
 31054 | Swamp:1  | Entered Level 1 of the Swamp
 31083 | Swamp:1  | Received a gift from Trog
 31107 | Swamp:1  | Gained mutation: You occasionally shout uncontrollably at your foes. [potion of mutation]
 31107 | Swamp:1  | Gained mutation: Your magical capacity is low (-10% MP). [potion of mutation]
 31107 | Swamp:1  | Gained mutation: You are highly resistant to hostile enchantments. [potion of mutation]
 31154 | Swamp:1  | Got a twisted leather armour
 31165 | Swamp:1  | Identified the +2 leather armour of Reason {rC++ Str+2 Int+2} (You found it on level 1 of the Swamp)
 32801 | Swamp:3  | Received a gift from Trog
 33358 | Swamp:4  | Gained mutation: You are very robust (+20% HP). [mutagenic meat]
 33571 | Swamp:4  | Reached skill level 10 in Shields
 33760 | Swamp:4  | Noticed Jorgrun
 33787 | Swamp:4  | Killed Jorgrun
 34272 | Swamp:5  | Entered Level 5 of the Swamp
 34272 | Swamp:5  | Noticed Asterion
 34310 | Swamp:5  | Killed Asterion
 34523 | Swamp:5  | Received a gift from Trog
 34611 | Swamp:5  | Reached XP level 20. HP: 133/136 MP: 29/29
 34671 | Swamp:5  | Noticed Mara
 34678 | Swamp:5  | Noticed Kold's illusion
 34693 | Swamp:5  | HP: 6/204 [Mara (illusionary)/runed demon whip (13)]
 34695 | Swamp:5  | Killed Mara
 34698 | Swamp:5  | HP: 5/204 [poisoned by Mara]
 34706 | Swamp:5  | HP: 4/204 [poisoned by Mara]
 34711 | Swamp:5  | Killed Kold's illusion
 34712 | Swamp:5  | HP: 4/204 [poisoned by Mara]
 34714 | Swamp:5  | Killed from afar by Mara (illusionary)

Action                   |  1- 3 |  4- 6 |  7- 9 | 10-12 | 13-15 | 16-18 | 19-21 || total
-------------------------+-------+-------+-------+-------+-------+-------+-------++-------
Melee: Short sword       |    71 |   211 |   294 |     4 |  1144 |       |       ||  1724
       Dagger            |       |       |   199 |   553 |   282 |   545 |       ||  1579
       Cutlass           |       |       |       |       |   268 |       |       ||   268
       Scimitar          |       |       |       |       |    47 |     2 |       ||    49
       Quick blade       |       |       |       |       |       |   493 |   855 ||  1348
 Fire: Blowgun           |       |       |       |     6 |       |       |       ||     6
Throw: Throwing net      |       |       |       |       |     1 |       |       ||     1
Invok: Berserk           |     1 |     1 |     1 |     2 |     8 |     5 |     1 ||    19
       Trog's Hand       |       |     1 |     2 |     9 |     9 |    11 |     3 ||    35
       Brothers in Arms  |       |       |       |     2 |     4 |     4 |     1 ||    11
 Abil: Evoke Teleport Co |       |       |       |       |       |     3 |       ||     3
       Evoke Jump Attack |       |       |       |       |       |     2 |       ||     2
Evoke: Wand              |       |       |       |     4 |    10 |     4 |     1 ||    19
       Disc of storms    |       |       |       |       |     2 |       |       ||     2
       Box of beasts     |       |       |       |       |     3 |       |       ||     3
  Use: Potion            |       |       |     5 |     7 |     6 |     2 |     2 ||    22
       Scroll            |       |       |     3 |     1 |    16 |    13 |     1 ||    34
 Stab: Sleeping          |     5 |     6 |     9 |       |    37 |    40 |    56 ||   153
       Distracted        |       |     1 |     1 |     1 |     2 |     8 |     3 ||    16
       Held in net/web   |       |       |       |       |     2 |       |       ||     2
  Eat: Chunk             |       |     7 |     9 |    12 |    49 |    31 |     6 ||   114
       Meat ration       |       |       |     1 |     1 |       |     1 |       ||     3
       Pizza             |       |       |     1 |       |       |       |     2 ||     3
       Beef jerky        |       |       |       |       |       |     2 |       ||     2
       Fruit             |       |       |       |       |       |       |     9 ||     9
       Bread ration      |       |       |       |       |       |       |     1 ||     1
